 Dungeon Crawl Stone Soup version 0.27-a0-808-g60bc5d92e6 (webtiles) character file.

Game seed: 18029085916300194804

48 harryhousin the Covert (level 3, -5/35 HPs)
             Began as a Gnoll Delver on Mar 28, 2021.
             Slain by a phantom (8 damage)
             ... on level 5 of the Dungeon.
             The game lasted 00:07:07 (934 turns).

harryhousin the Covert (Gnoll Delver)                Turns: 934, Time: 00:07:08

Health: -5/35      AC:  3    Str: 18    XL:     3   Next: 72%
Magic:  4/4        EV: 13    Int:  9    God:
Gold:   43         SH:  0    Dex: 13    Spells: 3/3 levels left

rFire    . . .     SeeInvis .   a - +0 hand axe
rCold    . . .     Faith    .   (no shield)
rNeg     . . .     Spirit   .   b - +0 leather armour
rPois    .         Reflect  .   (no helmet)
rElec    .         Harm     .   (no cloak)
rCorr    .         Rampage  .   (no gloves)
Will     .....                  (no boots)
Stlth    ++++......             (no amulet)
HPRegen  0.11/turn              m - +6 ring of strength
MPRegen  0.09/turn              (no ring)

@: no status effects
A: fangs 1, strong nose, distributed training
a: no special abilities


You were on level 5 of the Dungeon.
You visited 1 branch of the dungeon, and saw 3 of its levels.

You collected 43 gold pieces.

Inventory:

Hand Weapons
 a - a +0 hand axe (weapon)
Armour
 b - a +0 leather armour (worn)
Magical Staves
 i - a staff of death
Jewellery
 m - a +6 ring of strength (left hand)
Wands
 g - a wand of digging (1)
Scrolls
 c - a scroll of fog
 d - a scroll of magic mapping
 e - a scroll of fear
 o - a scroll of holy word {unknown}
Potions
 f - a potion of haste
 h - a potion of invisibility {unknown}
 j - a potion of curing {unknown}
 k - a potion of magic {unknown}
 l - a potion of attraction {unknown}
 n - 2 potions of brilliance {unknown}


   Skills:
 + Level 6.5 Fighting
 + Level 0.9 Short Blades
 + Level 0.9 Long Blades
 + Level 4.5 Axes
 + Level 0.9 Maces & Flails
 + Level 0.9 Polearms
 + Level 0.9 Staves
 + Level 0.9 Slings
 + Level 0.9 Bows
 + Level 0.9 Crossbows
 + Level 0.9 Throwing
 + Level 0.9 Armour
 + Level 4.5 Dodging
 + Level 9.5 Stealth
 + Level 0.9 Shields
 + Level 0.9 Unarmed Combat
 + Level 0.9 Spellcasting
 + Level 0.6 Conjurations
 + Level 0.6 Hexes
 + Level 0.6 Summonings
 + Level 0.6 Necromancy
 + Level 0.6 Translocations
 + Level 0.6 Transmutations
 + Level 0.6 Fire Magic
 + Level 0.6 Ice Magic
 + Level 0.6 Air Magic
 + Level 0.6 Earth Magic
 + Level 0.6 Poison Magic
 + Level 1.0 Invocations
 + Level 0.9 Evocations


You had 3 spell levels left.
You didn't know any spells.
Your spell library was empty.

Dungeon Overview and Level Annotations

Branches:
Dungeon (6/15)
 Temple: D:4-7

Altars:
Ashenzari
Gozag
The Shining One

Annotations:
D:4 Duvessa


Innate Abilities, Weirdness & Mutations

You have very sharp teeth.
Your uncanny sense of smell can sniff out nearby items.
Your experience applies equally to all skills.


Message History

The phantom closely misses you.
You hit the phantom.
The phantom is moderately damaged.
The phantom hits you.
The phantom blinks!
You blink.
You closely miss the phantom.
The phantom is moderately damaged.
The phantom barely misses you.
You hit the phantom. Your bite misses the phantom.
The phantom is moderately damaged.
The phantom closely misses you.
You hit the phantom.
The phantom is heavily damaged.
The phantom barely misses you.
You barely miss the phantom. You bite the phantom, but do no damage.
The phantom is heavily damaged.
The phantom completely misses you.
You hit the phantom but do no damage. Your bite misses the phantom.
The phantom is heavily damaged.
The phantom closely misses you.
You closely miss the phantom. Your bite misses the phantom.
The phantom is heavily damaged.
The phantom hits you!
You hit the phantom.
The phantom is heavily damaged.
The phantom misses you.
You hit the phantom.
The phantom is heavily damaged.
The phantom hits you. The phantom closely misses you.
You completely miss the phantom.
The phantom is heavily damaged.
The phantom hits you!
* * * LOW HITPOINT WARNING * * *
You hit the phantom.
The phantom is severely damaged.
The phantom hits you.
* * * LOW HITPOINT WARNING * * *
You hit the phantom but do no damage.
The phantom is severely damaged.
The phantom hits you!
You die...

#..# #.# #..#
#####.########### #?.#
##...............##
#.[###.#.##.#########...
o.......#.............##
#o## ##..##.#########.##
#∆ #.....# #... #.
#.#...# #### .. #@##.##
#.#####W###.#########
#..§....# ##........#
####..#####.#######.#
#...###.#.# #.#
##.#.#...## #.#
##.#.#.## #.# #.#..#
#.#### ##.#.# #.....


You could see a phantom.

Vanquished Creatures
  An orc priest (D:4)
  2 adders
  A quokka (D:4)
4 creatures vanquished.

Vanquished Creatures (others)
  A withered plant (D:4)
1 creature vanquished.

Grand Total: 5 creatures vanquished

Notes
Turn   | Place    | Note
-------+----------+-------------------------------------------
     0 | D:5      | Reached skill level 9 in Stealth
     0 | D:5      | harryhousin the Gnoll Delver began the quest for the Orb.
     0 | D:5      | Reached XP level 1. HP: 23/23 MP: 1/1
    59 | D:5      | Noticed an orc wizard
    88 | D:5      | Noticed an iguana
   181 | D:6      | Reached XP level 2. HP: 19/29 MP: 2/2
   414 | D:6      | Found a broken altar of Ashenzari.
   481 | D:4      | Noticed Duvessa
   707 | D:4      | Reached skill level 1 in Invocations
   707 | D:4      | Reached XP level 3. HP: 16/35 MP: 2/4
   917 | D:5      | Noticed a phantom
   934 | D:5      | Slain by a phantom

Illustrated notes

Levels and vault maps discovered:
D:4:      layout_cave_pools, kiku_gazebo_garden_becter,
          nicolae_uskayaw_suspiria, uniq_duvessa, uniq_grinder
D:5:      layout_loops_ring, nicolae_overflow_hidden_temple
D:6:      layout_basic, ashenzari_conservatory_becter, serial_shops,
          nicolae_shop_crystal, minmay_guarded_unrand_staff_of_olgreb

Skill      XL: |  1  2 |
---------------+-------+-----
Stealth        | |  9.5
Invocations    | 1 |  1.0
Fighting       | |  6.5
Short Blades   | |  0.9
Long Blades    | |  0.9
Axes           | |  4.5
Maces & Flails | |  0.9
Polearms       | |  0.9
Staves         | |  0.9
Slings         | |  0.9
Bows           | |  0.9
Crossbows      | |  0.9
Throwing       | |  0.9
Armour         | |  0.9
Dodging        | |  4.5
Shields        | |  0.9
Unarmed Combat | |  0.9
Spellcasting   | |  0.9
Conjurations   | |  0.6
Hexes          | |  0.6
Summonings     | |  0.6
Necromancy     | |  0.6
Translocations | |  0.6
Transmutations | |  0.6
Fire Magic     | |  0.6
Ice Magic      | |  0.6
Air Magic      | |  0.6
Earth Magic    | |  0.6
Poison Magic   | |  0.6
Evocations     | |  0.9

Action                   || total
-------------------------++-------
Melee: Hand axe          ||    31
       Bite              ||     3
Evoke: Wand              ||     2
Armor: Leather armour    ||     1
Dodge: Dodged            ||    15

Table legend: (Time is in decaauts)
 A = Elapsed time spent in this place.
 B = Non-inter-level travel time spent in this place.
 C = Inter-level travel time spent in this place.
 D = Time resting spent in this place.
 E = Time spent auto-exploring this place.
 F = Levels seen in this place.
 G = Mean time per level.
                   A        B        C        D        E       F      G
               +--------+--------+--------+--------+--------+-----+--------+
         Total |    940 |    920 |     20 |    358 |     27 |   3 |  313.3 |
       Dungeon |    940 |    920 |     20 |    358 |     27 |   3 |  313.3 |
               +--------+--------+--------+--------+--------+-----+--------+

Top non-repeatable levels by time:
     D:5: 490 daAuts
     D:6: 276 daAuts
     D:4: 173 daAuts
